 Dungeon Crawl Stone Soup version 0.19.5 (webtiles) character file.

163 Jerry the Insei (level 5, -1/36 HPs)
             Began as an Octopode Monk on Apr 17, 2017.
             Slain by a gnoll
             ... wielding a cursed -3 halberd
              (6 damage)
             ... on level 3 of the Dungeon.
             The game lasted 00:04:18 (1783 turns).

Jerry the Insei (Octopode Monk)                     Turns: 1783, Time: 00:04:19

Health: -1/36      AC:  1    Str: 11    XL:     5   Next: 44%
Magic:  5/5        EV: 15    Int: 12    God:
Gold:   111        SH:  0    Dex: 15    Spells: 0 memorised, 4 levels left

rFire  . . .     SeeInvis .       - Unarmed
rCold  . . .     Gourm    .     (no shield)
rNeg   . . .     Faith    .     (helmet restricted)
rPois  .         Spirit   .     (no amulet)
rElec  .         Reflect  .     m - ring of flight
rCorr  .         Harm     .     (no ring)
MR     .....                    (no ring)
Stlth  +++.......               (no ring)
                                (no ring)
                                (no ring)
                                (no ring)
                                (no ring)

@: no status effects
A: almost no armour, stealthy swim, amphibious, 8 rings, constrict 8, camouflage
1, gelatinous body 1
a: Evoke Flight


You were on level 3 of the Dungeon.
You were hungry.

You visited 1 branch of the dungeon, and saw 3 of its levels.

You collected 111 gold pieces.

Inventory:

Missiles
 i - 22 sling bullets
Jewellery
 m - a ring of flight (left tentacle)
Scrolls
 d - 3 scrolls of identify {unknown}
 f - a scroll of fear {unknown}
 n - a scroll of immolation {unknown}
 o - a scroll of remove curse {unknown}
Potions
 b - a potion of flight {unknown}
 c - a potion of heal wounds {unknown}
 e - 3 potions of curing {unknown}
 g - a potion of berserk rage {unknown}
 h - a potion of cancellation {unknown}
 l - a potion of haste {unknown}
Comestibles
 a - 3 bread rations
 j - a fruit
 k - a meat ration


   Skills:
 + Level 3.6 Fighting
 + Level 4.0 Dodging
 - Level 2.6 Stealth
 * Level 4.8 Unarmed Combat


You had 4 spell levels left.
You didn't know any spells.

Dungeon Overview and Level Annotations

Branches:
Dungeon (3/15)

Altars:
Qazlal
Sif Muna
Uskayaw
Vehumet


Innate Abilities, Weirdness & Mutations

You cannot wear most types of armour.
You are very stealthy in the water. (Stealth+)
You are amphibious.
You can wear up to eight rings at the same time.
You can use your tentacles to constrict eight enemies at once.
Your skin changes colour to match your surroundings (Stealth+).
Your rubbery body absorbs attacks. (AC +1, EV +1)


Message History

You barely miss the gnoll. Your grab misses the gnoll.
The gnoll hits you with a whip.
You tentacle-slap the gnoll. You grab the gnoll. You squeeze the gnoll.
The gnoll is heavily wounded.
You constrict the gnoll. The gnoll closely misses you.
You tentacle-slap the gnoll. x2
You kill the gnoll!
You start resting.
The gnoll shouts!
The gnoll barely misses you.
Things that are here:
a whip; a gnoll corpse The gnoll hits you with a halberd!
* * * LOW HITPOINT WARNING * * *
You barely miss the gnoll. Your grab misses the gnoll.
The gnoll barely misses you.
You closely miss the gnoll. Your grab misses the gnoll. You squeeze the gnoll.
The gnoll is lightly wounded.
The gnoll hits you with a halberd.
You die...

#......#.# ### #.
#........# #.# #.
##.#......####### #.# #.
#.......#.#.....# #.####.
...##.##.#.#.....###......
........)#.......'...####.
......###........##### #.
..... #.g......# #. ...g
###@.......# #. g..
#.)....##### ## ..
#......# . #......# #
#......# . #......#
#......# #....### .#
###### ).


You could see a gnoll.

Vanquished Creatures
  Natasha (thrice) (D:2)
  3 gnolls
  An adder (D:2)
  3 oozes (D:1)
  A worm (D:2)
  A dart slug (D:3)
  A leopard gecko (D:2)
  7 goblins
  5 hobgoblins
  4 jackals (D:1)
  A ball python (D:2)
  5 bats
  A frilled lizard (D:2)
  2 kobolds (D:1)
  4 rats
42 creatures vanquished.

Notes
Turn   | Place    | Note
-------+----------+-------------------------------------------
     0 | D:1      | Jerry the Octopode Monk began the quest for the Orb.
     0 | D:1      | Reached XP level 1. HP: 16/16 MP: 1/1
    15 | D:1      | Reached XP level 2. HP: 7/21 MP: 2/2
   490 | D:1      | Reached XP level 3. HP: 26/26 MP: 3/3
   649 | D:2      | Found a deep blue altar of Sif Muna.
   812 | D:2      | Noticed an air elemental
   814 | D:2      | Found a stormy altar of Qazlal.
   815 | D:2      | Noticed an earth elemental
   815 | D:2      | Noticed a water elemental
   815 | D:2      | Noticed a fire elemental
   823 | D:2      | Reached XP level 4. HP: 31/31 MP: 4/4
   856 | D:2      | Found a hide-covered altar of Uskayaw.
   856 | D:2      | Noticed a dagger
   857 | D:2      | Noticed a hand axe
   961 | D:2      | Noticed Natasha
   968 | D:2      | Killed Natasha
  1164 | D:2      | Noticed Natasha
  1174 | D:2      | Killed Natasha
  1376 | D:2      | Noticed Natasha
  1381 | D:2      | Killed Natasha
  1381 | D:2      | Reached XP level 5. HP: 25/36 MP: 5/5
  1571 | D:2      | Found a radiant altar of Vehumet.
  1783 | D:3      | Slain by a gnoll

Skill      XL: |  1  2  3  4  5 |
---------------+----------------+-----
Unarmed Combat | 4 |  4.8
Dodging        | 4 |  4.0
Fighting       | |  3.6
Stealth        | |  2.6

Action                   |  1- 3 |  4- 6 || total
-------------------------+-------+-------++-------
Melee: Unarmed           |    58 |    49 ||   107
       Tentacles         |     9 |     6 ||    15
       Constrict         |    12 |    12 ||    24
       Punch             |     1 |     1 ||     2
 Stab: Sleeping          |     8 |     4 ||    12
       Distracted        |       |     1 ||     1
  Eat: Fruit             |       |     1 ||     1
       Chunk             |       |     1 ||     1
Armor: Skin              |     4 |       ||     4
Dodge: Dodged            |    40 |    32 ||    72
